 Dungeon Crawl Stone Soup version 0.29.1-12-g30fa7ad0bf (webtiles) character file.

Game seed: 16260425046566086821

154 javelincjr the Grave Robber (level 5, -2/35 HPs)
             Began as a Human Necromancer on Dec 20, 2022.
             Slain by a gnoll
             ... wielding a +0 spear
              (3 damage)
             ... on level 4 of the Dungeon.
             The game lasted 00:14:43 (2994 turns).

javelincjr the Grave Robber (Human Necromancer)     Turns: 2994, Time: 00:14:44

Health: -2/35      AC: 11    Str: 10    XL:     5   Next: 63%
Magic:  1/10       EV: 12    Int: 15    God:
Gold:   99         SH:  0    Dex: 14    Spells: 6/10 levels left

rFire   . . .      SeeInvis .   p - +1 flail (protect)
rCold   . . .      Faith    .   (no shield)
rNeg    . . .      Spirit   .   a - +0 robe
rPois   .          Reflect  .   o - +1 helmet
rElec   .          Harm     .   (no cloak)
rCorr   .          Rampage  .   (no gloves)
Will    .....                   (no boots)
Stlth   ++........              (no amulet)
HPRegen 0.11/turn               (no ring)
MPRegen 0.12/turn               (no ring)

@: under a protective aura
A: no striking features
a: no special abilities


You were on level 4 of the Dungeon.
You visited 1 branch of the dungeon, and saw 4 of its levels.

You collected 99 gold pieces.

Inventory:

Hand Weapons
 e - a +0 sling
 h - a +0 dagger
 l - a +2 falchion of flaming
 p - a +1 flail of protection (weapon)
Missiles
 c - 23 stones
 k - 12 poisoned darts
Armour
 a - a +0 robe (worn)
 o - a +1 helmet (worn)
Magical Staves
 r - a staff of poison
Scrolls
 d - 3 scrolls of identify {unknown}
 g - 2 scrolls of teleportation {unknown}
 n - 3 scrolls of blinking {unknown}
 s - a scroll of noise {unknown}
 u - 2 scrolls of brand weapon {unknown}
Potions
 b - 2 potions of magic
 f - a potion of ambrosia {unknown}
 i - 2 potions of curing
 j - a potion of invisibility {unknown}
 m - a potion of might {unknown}
 q - a potion of flight {unknown}
 t - a potion of heal wounds
 v - a potion of mutation {unknown}


   Skills:
 + Level 0.1 Fighting
 + Level 2.1 Dodging
 + Level 2.2 Stealth
 + Level 3.4 Spellcasting
 + Level 5.4 Necromancy


You had 6 spell levels left.
You knew the following spells:

 Your Spells              Type           Power      Damage    Failure   Level
a - Necrotise             Necr           72%        1d7       1%          1
b - Vampiric Draining     Necr           18%        2d7       6%          3

Your spell library contained the following spells:

 Spells                   Type           Power      Damage    Failure   Level
 Animate Dead             Necr           18%        N/A       21%         4
 Agony                    Necr           18%        N/A       50%         5
 Summon Ice Beast         Ice/Summ       2%         N/A       88%         4
 Summon Mana Viper        Hex/Summ       2%         N/A       99%         5
 Monstrous Menagerie      Summ           1%         N/A       100%        7


Dungeon Overview and Level Annotations

Branches:
Dungeon (4/15)
 Temple: D:4-7

Altars:


Message History

The gnoll closely misses you. The gnoll barely misses you.
You barely miss the gnoll.
The gnoll hits you from afar with a +0 spear.
You hit the gnoll.
Your weapon exudes an aura of protection.
The gnoll is heavily wounded.
The gnoll barely misses you. The gnoll hits you but does no damage.
The gnoll completely misses you. The gnoll barely misses you. x2
The gnoll closely misses you.
You closely miss the gnoll. You punch the gnoll.
The gnoll is severely wounded.
The gnoll barely misses you. x3
You hit the gnoll.
The gnoll is severely wounded.
The gnoll hits you but does no damage. The gnoll hits you with a +0 club.
The gnoll closely misses you.
You hit the gnoll.
You kill the gnoll!
The gnoll closely misses you. The gnoll misses you. x2
The gnoll hits you from afar with a +0 spear.
The gnoll misses you. The gnoll hits you but does no damage.
Things that are here:
a +1 antimagic spear; a gnoll corpse You hit the gnoll but do no damage.
The gnoll hits you with a +0 halberd! The gnoll completely misses you.
Casting: Vampiric Draining (dangerous; 6% risk of failure)
Confirm with . or Enter, or press ? or * to list all spells.
Aiming: Vampiric Draining (dangerous; 6% risk of failure)
Press: ? - help, Shift-Dir - straight line, f - gnoll
Aim: a gnoll, wielding a +0 halberd You draw life force from the gnoll.
You feel life coursing into your body. The gnoll hits you but does no damage.
The gnoll hits you with a +0 spear.
* * * LOW HITPOINT WARNING * * *
You sock the gnoll!
The gnoll is almost dead.
The gnoll hits you with a +0 halberd!
* * * LOW HITPOINT WARNING * * *
The gnoll hits you with a +0 spear.
You die...

#.......# +.......#
#.......# #...##..#
#####
#...##..##########...#
.....................#
.....................#
.................)†..#
...............g@....#
##+####...####.g######
.###...####..#
..............#
..............#
...............#
...............+
...............#
###.##..###....#


You could see 2 gnolls.

Vanquished Creatures
  Natasha (D:4)
  An orc wizard (D:3)
  3 adders
  2 gnolls (D:4)
  A worm (D:3)
  5 orcs (D:3)
  2 bats
  8 endoplasms
  3 giant cockroaches (D:2)
  2 goblins
  4 hobgoblins
  A quokka (D:3)
  6 ball pythons
  A frilled lizard (D:1)
  3 kobolds
  7 rats
50 creatures vanquished.

Vanquished Creatures (collateral kills)
  A goblin (D:1)
  A ball python (D:1)
  A frilled lizard (D:1)
  A rat (D:3)
4 creatures vanquished.

Grand Total: 54 creatures vanquished

Notes
Turn   | Place    | Note
-------+----------+-------------------------------------------
     0 | D:1      | javelincjr the Human Necromancer began the quest for the
                  | Orb.
     0 | D:1      | Reached XP level 1. HP: 13/13 MP: 3/3
   191 | D:1      | Reached XP level 2. HP: 18/19 MP: 1/5
   873 | D:2      | Reached XP level 3. HP: 24/24 MP: 2/6
  1313 | D:2      | Reached XP level 4. HP: 28/30 MP: 0/7
  1984 | D:3      | Reached skill level 5 in Necromancy
  1993 | D:3      | Found a faded altar of an unknown god.
  2227 | D:3      | Reached XP level 5. HP: 12/35 MP: 1/9
  2668 | D:3      | Learned a level 3 spell: Vampiric Draining
  2933 | D:4      | Noticed Natasha
  2947 | D:4      | Killed Natasha
  2994 | D:4      | HP: 1/35 [gnoll/+0 halberd (9)]
  2994 | D:4      | Slain by a gnoll

Illustrated notes

Levels and vault maps discovered:
D:1:      kennysheep_arrival_seaside, layout_basic
D:2:      layout_loops_corners, nicolae_figureground_sparkle
D:3:      layout_rooms, shapermc_ecumenical_altar_venn
D:4:      layout_gridville, nicolae_figureground_pulse, uniq_natasha, uniq_ijyb,
          uniq_grinder

Skill      XL: |  1  2  3  4 |
---------------+-------------+-----
Necromancy     | 5 |  5.4
Spellcasting   | 3 |  3.4
Fighting       | |  0.1
Dodging        | |  2.1
Stealth        | |  2.2

Action                   |  1- 3 |  4- 6 || total
-------------------------+-------+-------++-------
Melee: Dagger            |       |    37 ||    37
       Flail             |       |    15 ||    15
       Punch             |       |     1 ||     1
 Fire: Sling             |     4 |       ||     4
 Cast: Necrotise         |    57 |    40 ||    97
       Vampiric Draining |       |     4 ||     4
  Use: Potion            |       |     1 ||     1
 Stab: Sleeping          |       |     2 ||     2
Armor: Robe              |     6 |    12 ||    18
Dodge: Dodged            |    14 |    45 ||    59
